Map: Blackpink LE

Players

LiquidMaNa (MaNa) - Winner!

  • Race: Protoss Protoss
  • League: Grandmaster
  • Spawn Location: 1:00

Bly

  • Race: Zerg Zerg
  • Spawn Location: 7:00

VOD

Have the link to the VOD?

Description

Time

  • Played on: March 9, 2018, 7:07 a.m.
  • Length: 21:43
Show
View Real Time Build Order
Export as new Build Order

LiquidMaNa Protoss - Winner!

Build Orders: 1 Gate Expand, Oracle Opening, Zealot Archon, Archon Drop 

Get SALT Encoding   

  12  0:00  Probe  
  13  0:12  Probe  
  14  0:18  Pylon  
  14  0:24  Probe (Chrono Boost)  
  15  0:37  Probe (Chrono Boost), Assimilator  
  16  0:45  Probe (Chrono Boost)  
  16  0:48  Gateway  
  17  0:51  Probe (Chrono Boost)  
  18  1:03  Probe (Chrono Boost)  
  20  1:11  Probe (Chrono Boost)  
  20  1:25  Nexus  
  20  1:36  Cybernetics Core  
  20  1:38  Probe  
  21  1:44  Assimilator  
  21  1:50  Probe  
  22  1:54  Pylon  
  22  2:03  Probe  
  23  2:11  Adept (Chrono Boost)  
  23  2:15  Probe  
  26  2:16  Stargate  
  26  2:27  Probe (Chrono Boost), Warp Gate  
  26  2:29  Adept  
  29  2:37  Probe (Chrono Boost)  
  31  2:45  Probe (Chrono Boost)  
  31  2:47  Probe (Chrono Boost)  
  33  2:52  Probe x2 (Chrono Boost)  
  34  2:59  Void Ray (Chrono Boost)  
  34  3:03  Probe  
  39  3:06  Probe  
  39  3:12  Pylon  
  40  3:15  Probe  
  40  3:18  Probe  
  42  3:25  Gateway  
  42  3:27  Probe  
  42  3:30  Probe  
  42  3:34  Oracle (Chrono Boost)  
  44  3:39  Probe  
  48  3:42  Probe  
  48  3:46  Robotics Facility  
  49  3:52  Probe  
  49  3:54  Probe  
  49  3:55  Assimilator  
  51  3:56  Assimilator  
  51  3:59  Pylon  
  51  4:04  Probe  
  51  4:06  Probe  
  51  4:08  Twilight Council  
  53  4:12  Pylon  
  53  4:16  Probe  
  54  4:20  Pylon  
  54  4:22  Probe  
  55  4:28  Probe  
  56  4:31  Gateway, Warp Prism (Chrono Boost)  
  56  4:32  Gateway  
  58  4:41  Charge (Chrono Boost)  
  58  4:46  Templar Archives  
  58  4:49  Zealot  
  58  4:50  Zealot  
  62  5:12  Zealot x2  
  66  5:20  Gateway  
  66  5:22  Gateway x2  
  66  5:25  Gateway  
  66  5:28  Pylon  
  65  5:42  High Templar x2  
  67  5:43  Nexus  
  67  5:44  High Templar x2  
  67  5:46  Archon  
  67  5:48  Archon, Pylon  
  73  5:54  Pylon  
  73  5:55  Pylon  
  73  6:16  Probe x2  
  71  6:21  Zealot x5  
  71  6:22  Zealot x2  
  81  6:28  Probe x2  
  83  6:40  Probe  
  83  6:41  Probe  
  83  6:44  Psionic Storm  
  83  6:50  High Templar x4  
  83  6:51  Zealot x3  
  83  6:53  Probe x2  
  99  6:55  Archon x2  
  99  6:57  Probe  
  100  7:05  Probe x2  
  88  7:09  Probe  
  88  7:14  High Templar  
  87  7:16  Immortal (Chrono Boost)  
  87  7:17  Probe  
  88  7:23  Probe x2  
  88  7:27  Shield Battery  
  88  7:28  Shield Battery  
  88  7:31  High Templar  
  88  7:32  Zealot x4  
  98  7:41  Probe x3  
  101  7:44  Assimilator  
  101  7:45  Shield Battery  
  101  7:47  Immortal (Chrono Boost)  
  105  8:01  Zealot x4  
  110  8:12  Archon  
  110  8:16  Zealot x3  
  116  8:22  Probe  
  117  8:38  Pylon  
  117  8:40  Shield Battery, Pylon  
  117  8:47  Assimilator  
  117  8:56  Probe x2, Observer, Phoenix  
  117  8:58  High Templar  
  117  8:59  High Templar x4  
  132  9:05  Forge  
  132  9:06  Pylon  
  132  9:07  Forge  
  132  9:09  Shield Battery  
  132  9:15  Pylon  
  132  9:17  Pylon  
  132  9:19  Pylon  
  132  9:20  Nexus  
  132  9:22  Probe  
  133  9:24  Probe, Warp Prism  
  133  9:25  Archon x2  
  133  9:29  High Templar x2  
  140  9:36  High Templar x2  
  144  9:39  Protoss Ground Weapons Level 1 (Chrono Boost)  
  138  9:48  Pylon  
  138  9:51  Probe x2  
  140  9:56  Photon Cannon  
  140  9:58  Photon Cannon  
  140  10:00  Pylon  
  140  10:01  Pylon  
  140  10:02  Protoss Ground Armor Level 1 (Chrono Boost)  
  140  10:04  Immortal (Chrono Boost)  
  144  10:08  Probe x3  
  144  10:12  Assimilator  
  147  10:15  Assimilator, High Templar  
  147  10:16  High Templar  
  147  10:20  Photon Cannon x2, Probe x3  
  152  10:32  Probe  
  153  10:37  Immortal (Chrono Boost), Robotics Facility  
  153  10:38  Probe x2  
  159  10:43  Probe  
  159  10:44  Probe  
  157  10:53  Oracle  
  158  11:07  High Templar x2  
  158  11:08  High Templar x2  
  166  11:12  Archon  
  166  11:13  Archon  
  166  11:17  Photon Cannon  
  166  11:18  Photon Cannon, Zealot x3  
  170  11:19  Immortal, Pylon  
  170  11:20  Shield Battery  
  176  11:26  Protoss Ground Weapons Level 2 (Chrono Boost), Zealot  
  178  11:35  Probe x2  
  178  11:36  Probe  
  178  11:37  Probe  
  182  11:40  Zealot x3  
  182  11:41  Zealot x3  
  194  11:47  Probe  
  194  11:48  Probe  
  194  11:50  Fleet Beacon  
  194  11:53  Stargate  
  190  11:55  Stargate  
  188  12:08  Protoss Air Weapons Level 1  
  187  12:10  Probe x3  
  187  12:11  Phoenix  
  187  12:12  Stalker x4  
  187  12:13  Stalker x3  
  195  12:20  Probe  
  195  12:22  Probe x2  
  193  12:26  Probe  
  193  12:32  Probe  
  193  12:33  Photon Cannon  
  193  12:34  Probe x2  
  196  12:38  Phoenix  
  196  12:39  Phoenix  
  196  12:40  Anion Pulse-Crystals (Chrono Boost)  
  198  12:58  Protoss Ground Armor Level 2 (Chrono Boost), Sentry  
  200  12:59  Blink (Chrono Boost)  
  193  13:27  Protoss Ground Weapons Level 3 (Chrono Boost)  
  188  13:35  Phoenix x3  
  194  13:47  Photon Cannon  
  194  13:50  Photon Cannon  
  190  14:03  Photon Cannon  
  190  14:06  Photon Cannon  
  187  14:13  Phoenix x3  
  183  14:33  Stalker x5  
  182  14:41  Observer x2  
  180  14:57  Carrier x3  
  191  15:07  Protoss Ground Armor Level 3 (Chrono Boost)  
  191  15:09  Mothership (Chrono Boost)  
  197  15:21  Nexus  
  193  15:38  Observer x2, Protoss Air Weapons Level 2 (Chrono Boost)  
  195  15:48  High Templar  
  195  15:49  High Templar  
  199  15:52  Pylon  
  199  15:54  Assimilator  
  199  15:56  Assimilator  
  199  16:08  Observer  
  200  16:14  Photon Cannon  
  200  16:15  Photon Cannon  
  200  16:16  Photon Cannon  
  200  16:18  Photon Cannon  
  200  16:19  Protoss Shields Level 1 (Chrono Boost)  
  200  16:20  Photon Cannon  
  200  16:21  Shield Battery  
  200  16:22  Shield Battery  
  200  16:25  Shield Battery  
  196  17:09  Oracle  
  194  18:10  Carrier  
  200  18:24  Nexus  
  200  18:39  Graviton Catapult (Chrono Boost)  
  198  19:16  Gateway  
  198  19:18  Gateway  
  198  19:20  Stargate  
  198  19:22  Stargate  
  198  19:24  Gateway  
  186  20:09  Archon  
  186  20:12  High Templar x4  
  186  20:13  High Templar  
  194  20:21  Pylon  
  186  20:56  Zealot x5  
  186  20:57  Zealot x5  
Show
View Real Time Build Order
Export as new Build Order

Bly Zerg 

Build Orders: Hatch First, Lurkers 

Get SALT Encoding   

  12  0:01  Drone  
  13  0:13  Overlord  
  13  0:18  Drone  
  14  0:32  Drone x2  
  16  0:48  Hatchery  
  15  0:51  Drone  
  15  0:54  Drone  
  17  0:58  Extractor  
  16  1:11  Spawning Pool  
  16  1:15  Drone  
  16  1:18  Drone  
  16  1:22  Drone  
  18  1:28  Drone  
  19  1:41  Overlord  
  19  1:51  Drone  
  20  1:58  Queen  
  20  2:00  Zergling x2  
  23  2:02  Zergling x2  
  23  2:04  Metabolic Boost  
  24  2:10  Queen  
  26  2:16  Drone  
  26  2:17  Drone  
  28  2:31  Drone x2  
  28  2:33  Drone  
  28  2:34  Drone  
  32  2:44  Hatchery  
  32  2:49  Overlord  
  31  3:01  Queen  
  33  3:09  Drone x2  
  33  3:10  Drone x4  
  39  3:16  Overlord  
  39  3:17  Overlord  
  39  3:27  Overlord  
  39  3:28  Drone x3  
  39  3:33  Drone  
  43  3:38  Drone x3  
  43  3:39  Drone  
  47  3:45  Lair  
  47  3:52  Drone  
  47  3:53  Drone, Queen  
  51  3:57  Queen  
  51  4:00  Extractor  
  51  4:01  Extractor  
  51  4:03  Drone  
  51  4:04  Drone x2  
  51  4:07  Drone x2  
  56  4:16  Overlord  
  55  4:26  Spore Crawler  
  55  4:29  Drone x2, Spore Crawler x2  
  54  4:32  Drone x5  
  54  4:33  Drone  
  54  4:37  Overlord  
  60  4:44  Overlord  
  60  4:45  Overseer  
  60  4:48  Hydralisk Den  
  60  4:52  Baneling Nest  
  58  4:53  Zergling x10  
  58  4:55  Zergling x2  
  58  4:57  Zergling x2  
  65  5:05  Queen x2  
  69  5:11  Overlord  
  69  5:15  Zergling x10  
  69  5:16  Zergling x2  
  75  5:23  Overlord x2  
  75  5:29  Hydralisk x2  
  75  5:30  Hydralisk  
  78  5:37  Hydralisk  
  78  5:38  Hydralisk x2  
  83  5:46  Hydralisk x2  
  83  5:48  Muscular Augments  
  86  5:56  Baneling x3  
  86  6:01  Hydralisk  
  86  6:02  Hydralisk x2  
  93  6:04  Zergling x10  
  94  6:18  Drone x5  
  89  6:19  Drone x3  
  95  6:35  Hydralisk x4  
  101  6:44  Baneling x2  
  101  6:45  Drone  
  101  6:46  Drone x5  
  104  6:51  Baneling  
  104  6:52  Zergling x4  
  95  7:10  Drone x8  
  95  7:15  Extractor  
  98  7:16  Grooved Spines  
  98  7:17  Hydralisk  
  98  7:18  Hydralisk x2  
  103  7:26  Hydralisk  
  103  7:27  Zergling x2  
  103  7:28  Overlord x2  
  103  7:29  Overlord  
  105  7:31  Extractor  
  105  7:35  Drone x2  
  106  7:43  Baneling x2  
  106  7:45  Baneling  
  106  7:47  Baneling, Hatchery  
  105  7:54  Evolution Chamber  
  104  8:00  Zergling x2  
  104  8:01  Zergling x26  
  110  8:18  Drone x9, Lurker Den  
  101  8:27  Hydralisk x3  
  101  8:32  Baneling  
  101  8:33  Baneling x4  
  105  8:36  Zerg Missile Weapons Level 1  
  105  8:39  Extractor  
  104  8:45  Hydralisk x2  
  104  8:46  Hydralisk  
  110  8:52  Hydralisk x3  
  116  9:01  Baneling x5  
  116  9:05  Drone x7  
  116  9:09  Drone x2  
  125  9:18  Extractor  
  125  9:20  Extractor  
  121  9:37  Drone  
  121  9:38  Drone x9  
  129  9:40  Spire  
  129  9:43  Spine Crawler x2  
  125  9:52  Overlord  
  125  10:02  Baneling x5  
  125  10:03  Lurker  
  125  10:04  Lurker x6  
  125  10:05  Overlord x2  
  125  10:06  Hatchery  
  131  10:11  Hydralisk  
  131  10:12  Hydralisk x2  
  137  10:15  Hydralisk x2  
  140  10:37  Drone x3  
  140  10:38  Drone x3  
  145  10:47  Extractor  
  145  10:49  Extractor  
  141  11:02  Zerg Missile Weapons Level 2  
  141  11:04  Zerg Flyer Weapons Level 1, Mutalisk  
  141  11:05  Mutalisk x8  
  141  11:07  Overlord x4  
  158  11:28  Hydralisk x8  
  158  11:30  Zergling x6  
  158  11:31  Zergling x18  
  158  11:32  Zergling x2  
  187  11:34  Baneling x2  
  187  11:35  Baneling x3  
  187  11:59  Mutalisk x6  
  187  12:01  Overlord  
  197  12:12  Lurker  
  198  12:27  Mutalisk  
  200  12:32  Infestation Pit  
  200  12:34  Overseer  
  199  12:39  Centrifical Hooks  
  192  13:01  Spore Crawler  
  192  13:02  Spore Crawler  
  192  13:03  Spore Crawler  
  192  13:04  Lurker x4  
  192  13:05  Lurker x4  
  197  13:10  Hive, Zerg Flyer Weapons Level 2  
  189  13:31  Mutalisk  
  189  13:32  Mutalisk x5  
  199  13:48  Baneling x10  
  199  13:49  Baneling  
  199  13:50  Hatchery  
  198  14:01  Spine Crawler  
  197  14:02  Mutalisk  
  197  14:03  Spine Crawler, Mutalisk  
  189  14:34  Mutalisk x8  
  189  14:38  Adaptive Talons  
  155  15:01  Hatchery  
  155  15:05  Hydralisk x9  
  155  15:06  Hydralisk x10  
  191  15:15  Adrenal Glands  
  191  15:21  Overseer x2  
  191  15:22  Zerg Melee Weapons Level 1  
  191  15:27  Evolution Chamber  
  188  15:29  Viper  
  188  15:30  Viper  
  188  15:32  Hatchery  
  177  15:43  Greater Spire  
  177  15:57  Zerg Missile Weapons Level 3  
  177  16:06  Corruptor x7  
  177  16:07  Overlord  
  191  16:27  Pneumatized Carapace  
  191  16:28  Overseer x3  
  191  16:32  Corruptor x2  
  191  16:33  Corruptor x2  
  165  17:27  Corruptor x12  
  163  17:55  Hydralisk  
  163  17:56  Hydralisk x10  
  185  18:03  Extractor  
  185  18:04  Extractor  
  176  18:14  Drone x2  
  176  18:15  Hydralisk x7  
  176  18:17  Overlord  
  173  18:39  Viper  
  174  18:44  Zergling x2  
  174  18:45  Zergling x22  
  181  19:07  Zerg Ground Armor Level 1, Zerg Flyer Armor Level 1  
  179  19:20  Queen x2  
  146  20:17  Hydralisk x12  
  146  20:19  Hatchery  
  132  20:56  Hydralisk x9  
  121  21:39  Hatchery  
Tags
 
Add a new tag
Caveats
  • Supply blocks, unpowered buildings, or Contaminate may cause inaccurate times.
  • Supply counts are checked every 10 seconds.